 Dungeon Crawl Stone Soup version 0.24.0-37-gcf1ca852f1 (webtiles) character file.

Game seed: 12383123419638497221, levelgen mode: deterministic

110 FishyPogo the Charmwright (level 4, -3/34 HPs)
             Began as a Gnoll Skald on Dec 8, 2019.
             Was an Initiate of Hepliaklqana.
             Slain by a hippogriff (7 damage)
             ... on level 3 of the Dungeon.
             The game lasted 00:07:50 (2172 turns).

FishyPogo the Charmwright (Gnoll Skald)             Turns: 2172, Time: 00:07:52

Health: -3/34      AC:  3    Str: 14    XL:     4   Next: 91%
Magic:  7/11       EV: 14    Int: 15    God:    Hepliaklqana [......]
Gold:   133        SH:  0    Dex: 15    Spells: 2/13 levels left

rFire    . . .     SeeInvis .   a - +0 mace
rCold    + . .     Gourm    .   (no shield)
rNeg     . . .     Faith    .   j - +0 leather armour {rC+}
rPois    .         Spirit   .   (no helmet)
rElec    .         Reflect  .   (no cloak)
rCorr    .         Harm     .   (no gloves)
MR       .....                  (no boots)
Stlth    ++........             (no amulet)
HPRegen  1.11/turn              (no ring)
MPRegen  0.12/turn              (no ring)

@: regenerating
A: distributed training, reduced essence, fangs 1, strong nose
a: Recall Ancestor, Ancestor Identity, Renounce Religion


You were on level 3 of the Dungeon.
You worshipped Hepliaklqana.
Hepliaklqana was noncommittal.
You were hungry.

You visited 1 branch of the dungeon, and saw 3 of its levels.

You collected 133 gold pieces.

Inventory:

Hand Weapons
 a - a +0 mace (weapon)
Missiles
 k - 6 poisoned darts (quivered)
 l - 134 stones
 o - 4 curare-tipped darts
Armour
 j - a +0 leather armour of cold resistance (worn)
Scrolls
 b - 4 scrolls of identify {unknown}
 h - a scroll of enchant weapon {unknown}
 p - a scroll of teleportation {unknown}
Potions
 c - 3 potions of agility {unknown}
 e - a potion of might {unknown}
 f - a potion of haste {unknown}
 g - a potion of heal wounds {unknown}
 i - 2 potions of curing {unknown}
 n - a potion of magic {unknown}
Comestibles
 d - 4 rations
 m - a chunk of flesh


   Skills:
 + Level 4.7 Fighting
 + Level 1.2 Short Blades
 + Level 1.2 Long Blades
 + Level 1.2 Axes
 + Level 4.7 Maces & Flails
 + Level 1.2 Polearms
 + Level 1.2 Staves
 + Level 1.2 Slings
 + Level 1.2 Bows
 + Level 1.2 Crossbows
 + Level 1.2 Throwing
 + Level 2.8 Armour
 + Level 4.7 Dodging
 + Level 1.2 Stealth
 + Level 1.2 Shields
 + Level 1.2 Unarmed Combat
 + Level 5.1 Spellcasting
 + Level 1.0 Conjurations
 + Level 1.0 Hexes
 + Level 5.5 Charms
 + Level 1.0 Summonings
 + Level 1.0 Necromancy
 + Level 1.0 Translocations
 + Level 1.0 Transmutations
 + Level 1.0 Fire Magic
 + Level 1.0 Ice Magic
 + Level 1.0 Air Magic
 + Level 1.0 Earth Magic
 + Level 1.0 Poison Magic
 + Level 1.4 Invocations
 + Level 1.2 Evocations


You had 2 spell levels left.
You knew the following spells:

 Your Spells              Type           Power        Failure   Level  Hunger
h - Regeneration          Chrm/Necr      ##........   16%         3    ###....
n - Spectral Weapon       Hex/Chrm       ##......     16%         3    ###....
p - Shroud of Golubria    Chrm/Tloc      ##....       8%          2    ##.....
u - Song of Slaying       Chrm           ###.....     3%          2    ##.....
y - Infusion              Chrm           ###.         1%          1    None

Your spell library contained the following spells:

 Spells                   Type           Power        Failure   Level  Hunger
 Animate Skeleton         Necr           N/A          13%         1    None
 Apportation              Tloc           #.....       13%         1    None
 Confusing Touch          Hex            #.....       13%         1    None
 Summon Small Mammal      Summ           #...         13%         1    None


Dungeon Overview and Level Annotations

Branches:
Dungeon (3/15)

Altars:
Hepliaklqana
Sif Muna


Innate Abilities, Weirdness & Mutations

Your experience applies equally to all skills.
You have very sharp teeth.
Your uncanny sense of smell can sniff out nearby items.
Your life essence is reduced to manifest your ancestor. (-10% HP)


Message History

You hit the hippogriff.
The hippogriff is almost dead.
Nomusa closely misses the hippogriff.
Your shroud bends the hippogriff's attack away. x2
The hippogriff claws you!
* * * LOW HITPOINT WARNING * * *
You closely miss the hippogriff.
The hippogriff is almost dead.
Nomusa barely misses the hippogriff.
The hippogriff closely misses you. x2
The hippogriff claws you.
* * * LOW HITPOINT WARNING * * *
Your shroud falls apart!
Nomusa hits the hippogriff.
Casting: Shroud of Golubria (safe; 8% risk of failure)
Confirm with . or Enter, or press ? or * to list all spells.
Your skin crawls.
The hippogriff bites you.
* * * LOW HITPOINT WARNING * * *
The hippogriff pecks you but does no damage.
The hippogriff claws you!
You die...

.# #.# #.# ####.#
#....##
.##)##.#...##
.......@HR)(#####
.##.####......((.
##.###### #.# #.
.. #.# #.# #.#
##'## #.# #.#
##...## #.# ##.#
##.....## ##.#
#..## ##.......##
##..#


You could see the friendly Nomusa the ancestor and a hippogriff.

Vanquished Creatures
  2 adders (D:2)
  An ooze (D:2)
  2 worms (D:2)
  4 dart slugs
  An orc (D:3)
  3 ball pythons
  3 giant cockroaches
  5 goblins
  11 hobgoblins
  3 jackals (D:2)
  3 kobolds
  3 quokkas
  12 bats
  5 frilled lizards
  7 rats
65 creatures vanquished.

Vanquished Creatures (collateral kills)
  A bat (D:3)
  A kobold (D:3)
2 creatures vanquished.

Grand Total: 67 creatures vanquished

Notes
Turn   | Place    | Note
-------+----------+-------------------------------------------
     0 | D:1      | FishyPogo the Gnoll Skald began the quest for the Orb.
     0 | D:1      | Reached XP level 1. HP: 20/20 MP: 6/6
   110 | D:1      | Reached XP level 2. HP: 25/26 MP: 3/7
   309 | D:1      | Reached XP level 3. HP: 17/31 MP: 9/9
   313 | D:1      | Learned a level 2 spell: Song of Slaying
   316 | D:1      | Learned a level 2 spell: Shroud of Golubria
   320 | D:1      | Learned a level 3 spell: Regeneration
   324 | D:1      | Learned a level 3 spell: Spectral Weapon
   348 | D:1      | Reached skill level 5 in Spellcasting
   673 | D:2      | Reached skill level 1 in Invocations
   853 | D:2      | Reached skill level 1 in Short Blades
   853 | D:2      | Reached skill level 1 in Long Blades
   853 | D:2      | Reached skill level 1 in Axes
   853 | D:2      | Reached skill level 1 in Polearms
   853 | D:2      | Reached skill level 1 in Staves
   853 | D:2      | Reached skill level 1 in Slings
   853 | D:2      | Reached skill level 1 in Bows
   853 | D:2      | Reached skill level 1 in Crossbows
   853 | D:2      | Reached skill level 1 in Throwing
   853 | D:2      | Reached skill level 1 in Stealth
   853 | D:2      | Reached skill level 1 in Shields
   853 | D:2      | Reached skill level 1 in Unarmed Combat
   853 | D:2      | Reached skill level 1 in Evocations
   919 | D:2      | Reached XP level 4. HP: 26/38 MP: 4/11
  1171 | D:2      | Found a shimmering blue altar of Sif Muna.
  1473 | D:2      | Found a hazy altar of Hepliaklqana.
  1482 | D:2      | Became a worshipper of Hepliaklqana the Forgotten
  1712 | D:3      | Reached skill level 1 in Conjurations
  1712 | D:3      | Reached skill level 1 in Hexes
  1712 | D:3      | Reached skill level 1 in Summonings
  1712 | D:3      | Reached skill level 1 in Necromancy
  1712 | D:3      | Reached skill level 1 in Translocations
  1712 | D:3      | Reached skill level 1 in Transmutations
  1712 | D:3      | Reached skill level 1 in Fire Magic
  1712 | D:3      | Reached skill level 1 in Ice Magic
  1712 | D:3      | Reached skill level 1 in Air Magic
  1712 | D:3      | Reached skill level 1 in Earth Magic
  1712 | D:3      | Reached skill level 1 in Poison Magic
  2157 | D:3      | Noticed a hippogriff
  2172 | D:3      | Slain by a hippogriff

Levels and vault maps discovered:
D:1:      dpeg_arrival_simpleton_c, layout_loops_cross
D:2:      layout_loops_corners, marbit_many_paths, lemuel_coloured_pillars_altar
D:3:      layout_loops_corners, lemuel_round_altar

Skill      XL: |  1  2  3  4 |
---------------+-------------+-----
Spellcasting   | 5 |  5.1
Invocations    | 1 |  1.4
Short Blades   | 1 |  1.2
Long Blades    | 1 |  1.2
Axes           | 1 |  1.2
Polearms       | 1 |  1.2
Staves         | 1 |  1.2
Slings         | 1 |  1.2
Bows           | 1 |  1.2
Crossbows      | 1 |  1.2
Throwing       | 1 |  1.2
Stealth        | 1 |  1.2
Shields        | 1 |  1.2
Unarmed Combat | 1 |  1.2
Evocations     | 1 |  1.2
Conjurations   | 1 |  1.0
Hexes          | 1 |  1.0
Summonings     | 1 |  1.0
Necromancy     | 1 |  1.0
Translocations | 1 |  1.0
Transmutations | 1 |  1.0
Fire Magic     | 1 |  1.0
Ice Magic      | 1 |  1.0
Air Magic      | 1 |  1.0
Earth Magic    | 1 |  1.0
Poison Magic   | 1 |  1.0
Fighting       | |  4.7
Maces & Flails | |  4.7
Armour         | |  2.8
Dodging        | |  4.7
Charms         | |  5.5

Action                   |  1- 3 |  4- 6 || total
-------------------------+-------+-------++-------
Melee: Mace              |   104 |   102 ||   206
       Bite              |     5 |    13 ||    18
       Punch             |     1 |       ||     1
Throw: Dart              |       |     4 ||     4
 Cast: Infusion          |     9 |     2 ||    11
       Shroud of Golubri |     1 |     4 ||     5
       Song of Slaying   |     1 |     1 ||     2
       Regeneration      |       |     1 ||     1
 Stab: Sleeping          |     3 |     2 ||     5
  Eat: Chunk             |       |     4 ||     4
Armor: Leather armour    |    22 |    34 ||    56
Dodge: Dodged            |    78 |   109 ||   187
